 Dungeon Crawl Stone Soup version 0.31.0-11-ge490571c62 (webtiles) character file.

Game seed: 6501091728649124495

106156 Curundu the Severer (level 15, -7/147 HPs)
             Began as a Minotaur Berserker on Jan 27, 2024.
             Was a High Priest of Trog.
             Mangled by a culicivora (14 damage)
             ... led by a torpor snail
             ... on level 4 of the Spider Nest on Jan 28, 2024.
             The game lasted 01:57:48 (25786 turns).

Curundu the Severer (Minotaur Berserker)           Turns: 25786, Time: 01:57:49

Health: -7/147     AC: 30    Str: 34    XL:     15   Next: 96%
Magic:  14/14      EV: 10    Int:  4    God:    Trog [*****.]
Gold:   1473       SH: 14    Dex: 11    Spells: 14/14 levels left

rFire   . . .        D - +6 war axe (freeze)
rCold   . . .        W - +0 tower shield
rNeg    + + .        r - +7 plate armour "Zomoowus" {+Blink}
rPois   .            (helmet restricted)
rElec   .            x - +2 cloak {Will+}
rCorr   .            E - +0 pair of gloves
SInv    .            L - +2 pair of boots
Will    +++++        O - amulet "Ysec" {Faith rN++ Will+ Slay+3} Stlth
                     T - +4 ring of protection
HPRegen 1.44/turn    c - +6 ring of strength
MPRegen 0.14/turn

%: faith
@: strong-willed, spiked, corroded, regenerating
A: horns 2, retaliatory headbutt
a: Renounce Religion, Evoke Blink, Berserk, Trog's Hand, Brothers in Arms


You were on level 4 of the Spider Nest.
You worshipped Trog.
Trog was extremely pleased with you.
You visited 3 branches of the dungeon, and saw 22 of its levels.
You also visited: Sewer and Ice Cave.

You collected 1985 gold pieces.
You spent 512 gold pieces at shops.

Inventory:

Hand Weapons
 D - a +6 war axe of freezing (weapon)
Missiles
 p - a throwing net
Armour
 r - the +7 plate armour "Zomoowus" (worn) {+Blink}
   (You found it in a sewer)

   +Blink:    It lets you blink.
 x - a +2 cloak of willpower (worn)
 y - a scarf of invisibility
 E - a +0 pair of gloves (worn)
 L - a +2 pair of boots (worn)
 W - a +0 tower shield (worn)
Jewellery
 c - a +6 ring of strength (right hand)
 g - an amulet of reflection
 j - a ring of see invisible
 k - an amulet of the acrobat
 m - a +5 ring of evasion
 q - a ring of willpower
 O - the amulet "Ysec" (around neck) {Faith rN++ Will+ Slay+3}
   (You found it in an ice cave)

   [amulet of faith]

   Faith:     It allows you to gain divine favour quickly.
   Slay+3:    It affects your accuracy & damage with ranged weapons and melee
   (+3).
   rN++:      It greatly protects you from negative energy.
   Will+:     It increases your willpower.
 P - the ring of the Cast Vote {rN+ rCorr Int+4}
   (You found it in an ice cave)

   [ring of positive energy]

   Int+4:     It affects your intelligence (+4).
   rN+:       It protects you from negative energy.
   rCorr:     It protects you from acid and corrosion.
 T - a +4 ring of protection (left hand)
Wands
 a - a wand of polymorph (20)
 f - a wand of iceblast (17)
 h - a wand of light (10)
 l - a wand of charming (11)
 o - a wand of flame (33)
 R - a wand of mindburst (14)
 U - a wand of digging (3)
Scrolls
 e - a scroll of poison
 i - 5 scrolls of revelation
 n - 4 scrolls of blinking
 s - 4 scrolls of identify
 v - a scroll of immolation
 w - a scroll of fear
 H - 3 scrolls of fog
 J - 6 scrolls of teleportation
Potions
 b - 4 potions of lignification
 d - 3 potions of curing
 t - 3 potions of haste
 u - 3 potions of enlightenment
 z - a potion of invisibility
 A - a potion of ambrosia {unknown}
 B - 4 potions of berserk rage
 C - 2 potions of heal wounds
 G - 3 potions of might
 I - a potion of mutation
Miscellaneous
 N - a condenser vane (inert) (quivered)


   Skills:
 + Level 17.6 Fighting
 + Level 19.5 Axes
 + Level 17.1 Armour
 * Level 9.2 Dodging
 - Level 2.5 Stealth
 + Level 8.3 Shields
 + Level 2.6 Unarmed Combat
 * Level 5.6 Evocations


You had 14 spell levels left.
You didn't know any spells.
Your spell library was empty.

Dungeon Overview and Level Annotations

Branches:
Dungeon (15/15)            Temple (0/1) D:6            Lair (3/5) D:11
 Shoals (0/4) Lair:2       Spider (4/4) Lair:3          Orc (0/2) D:9
 Vaults (0/5) D:13         Depths (0/4) D:15          Sewer (visited)
  IceCv (visited)

Altars:
Dithmenos
Elyvilon
Fedhas
Gozag
Nemelex Xobeh
Qazlal
Ru
Uskayaw
Zin
The Shining One

Shops:
D:2 [   D:11 (   D:13 ?*(**


Innate Abilities, Weirdness & Mutations

You have a pair of horns on your head.
You reflexively headbutt those who attack you in melee.


Message History

The wolf spider hits you but does no damage.
The wolf spider bites you but does no damage.
The tarantella barely misses you.
The tarantella touches you but does no damage.
The culicivora bites you but does no damage.
The wolf spider hits you but does no damage.
The wolf spider barely misses you.
A wolf spider comes into view.
The meliai invokes the aid of its god against you.
Something smites you!
* * * LOW HITPOINT WARNING * * *
The steelbarb worm completely misses you.
The tarantella touches you but does no damage.
The wolf spider hits you but does no damage.
The wolf spider bites you but does no damage.
The culicivora bites you but does no damage.
The wolf spider hits you but does no damage.
The wolf spider bites you but does no damage.
The wolf spider hits you but does no damage.
The wolf spider bites you but does no damage.
You feel better.
The wolf spider hits you but does no damage.
The wolf spider bites you but does no damage.
You block the tarantella's attack.
The culicivora bites you but does no damage.
The wolf spider hits you!
* * * LOW HITPOINT WARNING * * *
The wolf spider bites you but does no damage.
The steelbarb worm hits you!
* * * LOW HITPOINT WARNING * * *
Barbed spikes become lodged in your body.
The redback bites you but does no damage.
The wolf spider hits you but does no damage.
You block the wolf spider's attack. The wolf spider hits you!
* * * LOW HITPOINT WARNING * * *
The wolf spider bites you but does no damage.
The tarantella touches you but does no damage.
The culicivora bites you!
You die...

^..#.#. ...#
....... ....
.......## .....
....^...##..s.#
.....^#...^..
^..syy^.#..
#sssB.....
#@ss.....
......wsss.<...
#^..s..ss...s..
.#....##......#
...... .......
...... ...#...
..^.# .......
.### .#...^#


You could see an entropy weaver, a steelbarb worm, a demonic crawler, 4 wolf
spiders, 2 orb spiders, a culicivora, 4 tarantellas, 2 redbacks and 2 meliai.

Vanquished Creatures
  Jorgrun (D:15)
  Roxanne (Spider:1)
  2 azure jellies (IceCv)
  Louise (Spider:2)
  An ironbound preserver (D:13)
  A quicksilver ooze (IceCv)
  A broodmother (Spider:1)
  2 spark wasps
  An ettin (D:15)
  A fire dragon (D:15)
  Josephine (D:14)
  An entropy weaver (shapeshifter) (D:13)
  2 hydras
  A radroach (Spider:2)
  10 centaur warriors
  12 boulder beetles
  5 two-headed ogres
  The ghost of Marethyu the Nimble, a novice GnGl of Qazlal (D:9)
  A tengu warrior (D:15)
  8 demonic crawlers
  Nergalle (D:10)
  An occultist (D:15)
  Amaemon (Lair:2)
  4 skeletal warriors (D:14)
  3 pharaoh ants
  5 orb spiders
  2 arcanists
  An orc knight (D:15)
  2 steelbarb worms
  3 necromancers (D:15)
  3 oklob plants (D:11)
  7 ugly things
  4 cyclopes
  3 manticores (D:13)
  A moth of wrath (Spider:2)
  18 wolf spiders
  3 elephants (Lair:3)
  A meliai (Spider:4)
  2 ice statues (IceCv)
  A meliai (shapeshifter) (D:15)
  8 torpor snails
  A gargoyle (D:11)
  3 black mambas
  An orange demon (Lair:2)
  3 unseen horrors
  A freezing wraith (D:14)
  Jeremiah (D:8)
  7 cane toads
  4 komodo dragons
  2 rime drakes
  2 ice devils (Lair:1)
  6 trolls
  2 hornets
  6 polar bears
  Prince Ribbit (Lair:3)
  9 tarantellas
  6 blink frogs
  2 shadows
  11 slime creatures
  13 culicivoras
  15 jumping spiders
  5 wyverns
  3 basilisks
  6 wraiths
  53 yaks
  2 vampire mosquitoes (D:13)
  A warg (D:15)
  22 redbacks
  2 acid dragons
  7 water moccasins
  2 great orb of eyes simulacra (IceCv)
  5 orc warriors
  8 black bears
  5 ice beasts
  A sky beast (D:8)
  2 laughing skulls (D:15)
  An ogre (D:5)
  A wolf (Lair:2)
  12 centaurs
  2 phantoms
  6 kobold brigands
  2 slime creature simulacra (IceCv)
  Blork the orc (D:6)
  19 bullfrogs
  A gnoll sergeant (D:7)
  3 scorpions
  5 glowing shapeshifter simulacra (IceCv)
  3 wights (D:8)
  20 killer bees
  5 howler monkeys
  2 hounds
  A bombardier beetle (D:4)
  2 jellies (D:5)
  2 gnoll boudas
  12 orc priests
  Crazy Yiuf (D:4)
  A sleepcap (D:7)
  13 orc wizards
  3 iguanas
  3 shapeshifter simulacra (IceCv)
  4 hell rats (Lair:1)
  A centaur simulacrum (D:9)
  A killer bee simulacrum (D:9)
  23 gnolls
  20 adders
  A shadow imp (D:4)
  5 white imps
  4 ufetubi (D:6)
  13 dart slugs
  A ribbon worm (D:4)
  40 orcs
  9 ball pythons
  6 bats
  23 endoplasms
  15 giant cockroaches
  A goblin (D:3)
  3 hobgoblins
  4 jackals
  6 quokkas
  19 frilled lizards
  29 kobolds
  7 rats
704 creatures vanquished.

Vanquished Creatures (collateral kills)
  A bombardier beetle (D:6)
  A butterfly (D:6)
2 creatures vanquished.

Vanquished Creatures (others)
  A slime creature (IceCv)
1 creature vanquished.

Grand Total: 707 creatures vanquished

Notes
Turn   | Place    | Note
-------+----------+-------------------------------------------
     0 | D:1      | Curundu the Minotaur Berserker began the quest for the Orb.
     0 | D:1      | Reached XP level 1. HP: 19/19 MP: 0/0
   147 | D:1      | Reached XP level 2. HP: 27/27 MP: 1/1
   162 | D:1      | Reached skill level 4 in Axes
   754 | D:2      | Reached XP level 3. HP: 33/33 MP: 2/2
   769 | D:2      | Reached ** piety under Trog
   942 | D:2      | Reached XP level 4. HP: 41/41 MP: 3/3
  1049 | D:2      | Found Dek Junk's Armour Boutique.
  1260 | D:2      | Found a shadowy altar of Dithmenos.
  1839 | D:3      | You fall into a shaft and drop 2 floors!
  1839 | D:5      | Entered Level 5 of the Dungeon
  2121 | D:3      | Reached skill level 5 in Axes
  2166 | D:3      | Reached skill level 5 in Fighting
  2178 | D:3      | Found a glowing drain.
  2186 | Sewer    | Entered a sewer
  2241 | Sewer    | Reached XP level 5. HP: 43/48 MP: 4/4
  2293 | Sewer    | Reached *** piety under Trog
  2641 | Sewer    | Reached skill level 6 in Axes
  2641 | Sewer    | Reached XP level 6. HP: 26/56 MP: 5/5
  2700 | Sewer    | Identified the +7 plate armour "Zomoowus" {+Blink}
  3054 | D:4      | Reached **** piety under Trog
  3058 | D:4      | Reached skill level 5 in Armour
  3295 | D:4      | Found an opulent altar of Gozag.
  3296 | D:4      | Found a sparkling altar of Nemelex Xobeh.
  3507 | D:4      | Found a runed translucent door.
  3508 | D:4      | Noticed Crazy Yiuf
  3516 | D:4      | Killed Crazy Yiuf
  3517 | D:4      | Reached XP level 7. HP: 61/61 MP: 4/6
  3597 | D:5      | Reached skill level 7 in Axes
  3775 | D:5      | Reached skill level 8 in Axes
  4002 | D:5      | Reached XP level 8. HP: 68/70 MP: 7/7
  4035 | D:5      | Found a sacrificial altar of Ru.
  4089 | D:5      | Reached skill level 9 in Axes
  4121 | D:5      | Found a shadowy altar of Dithmenos.
  4124 | D:5      | Found a white marble altar of Elyvilon.
  4307 | D:6      | Found a staircase to the Ecumenical Temple.
  4395 | D:6      | Reached skill level 10 in Axes
  4894 | D:6      | Identified the +7 short sword "Huizorat" {protect, rF+ rN+}
  5012 | D:6      | Noticed Blork the orc
  5020 | D:6      | Killed Blork the orc
  5021 | D:6      | Reached XP level 9. HP: 78/78 MP: 8/8
  5077 | D:6      | Identified the +1 leather armour of Innaehupoes {Dex+4}
  5323 | D:7      | Found a glowing silver altar of Zin.
  5405 | D:7      | Reached skill level 11 in Axes
  5405 | D:7      | Paralysed by a hornet for 2 turns
  6116 | D:8      | Reached skill level 12 in Axes
  6243 | D:8      | Found a hide-covered altar of Uskayaw.
  6322 | D:8      | Reached XP level 10. HP: 74/90 MP: 9/9
  6682 | D:8      | Reached skill level 13 in Axes
  6683 | D:8      | Reached ***** piety under Trog
  6934 | D:8      | Noticed Jeremiah
  6977 | D:8      | Killed Jeremiah
  8560 | D:9      | Found a glowing golden altar of the Shining One.
  8608 | D:9      | Noticed a cyclops
  8618 | D:9      | Killed a cyclops
  8619 | D:9      | Reached skill level 14 in Axes
  8619 | D:9      | Reached skill level 10 in Armour
  8629 | D:9      | Found a staircase to the Orcish Mines.
  8656 | D:9      | Reached skill level 1 in Stealth
  8832 | D:9      | Noticed a two-headed ogre
  8844 | D:9      | Killed a two-headed ogre
  8845 | D:9      | Reached skill level 10 in Fighting
  8845 | D:9      | Reached XP level 11. HP: 75/99 MP: 10/10
  8926 | D:9      | Noticed Marethyu's ghost (novice GnGl)
  8962 | D:9      | Reached skill level 5 in Dodging
  8966 | D:9      | Found a runed translucent gate.
  8966 | D:9      | Found a runed translucent gate.
  9112 | D:9      | Found a runed translucent gate.
  9132 | D:9      | Found a blossoming altar of Fedhas.
  9636 | D:9      | Killed Marethyu's ghost
  9637 | D:9      | Reached skill level 15 in Axes
  9637 | D:9      | Received a gift from Trog
  9742 | D:10     | Entered Level 10 of the Dungeon
  9795 | D:10     | Noticed Nergalle
  9816 | D:10     | Killed Nergalle
 10710 | D:11     | Found a staircase to the Lair.
 10729 | D:11     | Noticed an oklob plant
 10729 | D:11     | Noticed an oklob plant
 10730 | D:11     | Noticed an oklob plant
 10849 | D:11     | Reached skill level 16 in Axes
 10954 | D:11     | Noticed a two-headed ogre
 10967 | D:11     | Killed a two-headed ogre
 11220 | D:11     | Noticed a two-headed ogre
 11253 | D:11     | Killed a two-headed ogre
 11254 | D:11     | Reached XP level 12. HP: 98/110 MP: 11/11
 11336 | D:11     | Found Peifuy's Weapon Shoppe.
 11634 | D:11     | Noticed a two-headed ogre
 11642 | D:11     | Killed a two-headed ogre
 11984 | D:12     | Noticed a two-headed ogre
 11988 | D:12     | Killed a two-headed ogre
 12086 | D:12     | Noticed a boulder beetle
 12114 | D:12     | Killed a boulder beetle
 12741 | D:13     | Found Gog Nes's Assorted Antiques.
 12749 | D:13     | Bought a scroll of identify for 44 gold pieces
 12749 | D:13     | Bought a scroll of teleportation for 66 gold pieces
 12762 | D:13     | Found Qiudix's Assorted Antiques.
 12770 | D:13     | Bought a potion of curing for 57 gold pieces
 12770 | D:13     | Bought a wand of flame (12) for 159 gold pieces
 12799 | D:13     | Found Naynumna's Antique Weapon Emporium.
 12802 | D:13     | Found Ruhiw's General Store.
 12837 | D:13     | Noticed a centaur warrior
 12850 | D:13     | Killed a centaur warrior
 12953 | D:13     | Identified the +1 ring mail of Divine Intervention {Dex+4}
 12959 | D:13     | Found a stormy altar of Qazlal.
 13007 | D:13     | Reached skill level 17 in Axes
 13113 | D:13     | Found Veedaoph's Magic Scroll Shoppe.
 13117 | D:13     | Bought a scroll of identify for 36 gold pieces
 13117 | D:13     | Bought a scroll of identify for 36 gold pieces
 13369 | D:13     | Noticed an entropy weaver
 13378 | D:13     | Killed an entropy weaver
 13388 | D:13     | Noticed a centaur warrior
 13389 | D:13     | Received a gift from Trog
 13395 | D:13     | Killed a centaur warrior
 13791 | D:13     | Noticed a boulder beetle
 13812 | D:13     | Killed a boulder beetle
 13908 | D:13     | Found a gate to the Vaults.
 13908 | D:13     | Noticed a centaur warrior
 13908 | D:13     | Noticed an ironbound preserver
 13919 | D:13     | Killed an ironbound preserver
 13921 | D:13     | Killed a centaur warrior
 14224 | D:14     | Reached XP level 13. HP: 106/122 MP: 12/12
 14656 | D:14     | Noticed Josephine
 14666 | D:14     | Reached skill level 1 in Unarmed Combat
 14667 | D:14     | Killed Josephine
 15518 | D:15     | Entered Level 15 of the Dungeon
 15534 | D:15     | Reached skill level 15 in Armour
 15919 | D:15     | Noticed a fire dragon
 15927 | D:15     | Reached skill level 15 in Fighting
 15938 | D:15     | Noticed Jorgrun
 15951 | D:15     | Noticed an ettin
 15982 | D:15     | Killed an ettin
 15983 | D:15     | Reached skill level 18 in Axes
 15990 | D:15     | Killed Jorgrun
 15997 | D:15     | HP: 8/190 [centaur warrior/arrow (12)]
 16333 | D:15     | Found a staircase to the Depths.
 16347 | D:15     | Killed a fire dragon
 16766 | D:15     | Reached XP level 14. HP: 135/135 MP: 13/13
 17098 | D:13     | Bought 2 scrolls of teleportation for 114 gold pieces
 17561 | Lair:1   | Entered Level 1 of the Lair of Beasts
 17643 | Lair:1   | Reached skill level 1 in Shields
 17778 | Lair:1   | Found a frozen archway.
 18024 | IceCv    | Entered an ice cave
 18453 | IceCv    | Noticed a quicksilver ooze
 18466 | IceCv    | Killed a quicksilver ooze
 18638 | IceCv    | Reached skill level 1 in Evocations
 19010 | IceCv    | Found a viscous altar of Jiyva.
 19010 | IceCv    | Noticed an azure jelly
 19023 | IceCv    | Killed an azure jelly
 19138 | IceCv    | Noticed an azure jelly
 19153 | IceCv    | Killed an azure jelly
 19164 | IceCv    | Identified the amulet "Ysec" {Faith rN++ Will+ Slay+3}
 19177 | IceCv    | Identified the ring of the Cast Vote {rN+ rCorr Int+4}
 20326 | Lair:2   | Found a staircase to the Shoals.
 20600 | Lair:2   | Noticed Amaemon
 20608 | Lair:2   | Killed Amaemon
 21442 | Lair:3   | Received a gift from Trog
 21621 | Lair:3   | Noticed Prince Ribbit
 21629 | Lair:3   | Killed Prince Ribbit
 21776 | Lair:3   | Reached XP level 15. HP: 145/145 MP: 14/14
 21809 | Lair:3   | Found a hole to the Spider Nest.
 21891 | Spider:1 | Entered Level 1 of the Spider Nest
 21904 | Spider:1 | Reached skill level 5 in Shields
 21907 | Spider:1 | Reached skill level 19 in Axes
 22213 | Spider:1 | Noticed Roxanne
 22368 | Spider:1 | Killed Roxanne
 22556 | Spider:1 | Received a gift from Trog
 23506 | Spider:2 | Reached skill level 5 in Evocations
 24138 | Spider:2 | Noticed Louise
 24155 | Spider:2 | Killed Louise
 25390 | Spider:4 | Entered Level 4 of the Spider Nest
 25786 | Spider:4 | HP: 7/147 [wolf spider (16)]
 25786 | Spider:4 | Mangled by a culicivora

Illustrated notes

Levels and vault maps discovered:
D:1:      mrwooster_arrival_statue, layout_basic, kennysheep_minor_cross
D:2:      layout_basic, basic_altar, serial_shops, nicolae_shop_statue_plus,
          minmay_lizard_pond
D:3:      minmay_door_path, layout_rooms, gup_sewer_entry_bubbles
D:4:      layout_cave_pools, grunt_temple_overflow_opulence,
          corexii_hall_statues_i, uniq_crazy_yiuf_cottage
D:5:      layout_basic, nicolae_ru_the_path_less_chosen, minitemple,
          minmay_misc_feat_square, serial_bayou_pond_b
D:6:      layout_basic, minmay_temple_entry_butterflies,
          minmay_misc_feat_pillars, uniq_blork_the_orc
D:7:      layout_rooms, lemuel_crystal_altar
D:8:      layout_loops_corners, lemuel_tele_altar, uniq_jeremiah
D:9:      layout_long_grid, overflow_temple_1_default, fedhas_ov_isle_minmay,
          erik_orc_3, gammafunk_ghost_icy
D:10:     layout_irregular_city, uniq_nergalle
D:11:     layout_long_grid, dpeg_oklobed_lair, serial_shops,
          nicolae_shop_pleasant_corner_grove
D:12:     layout_roguey, hex_tiny
D:13:     layout_basic, skrybe_vaults_entry_preservation, serial_shops, shop,
          nicolae_shop_back_alley_shop, shop, shop, shop, drop_trap,
          grunt_qazlal_clouds
D:14:     layout_gridville, dk_noncrumbling_3, dreamdust_princess_bridge,
          uniq_josephine
D:15:     hangedman_depths_entry_civil_slaughter, layout_rooms, serial_curves,
          eino_curves_03, eino_curves_01, corexii_corridor_pit, hex_medium,
          uniq_jorgrun
Lair:1:   beast_lair_carwin_large_3, layout_chaotic_city,
          portal_ice_cave_demonic_guard, grunt_megastairs_2
Lair:2:   nzn_winding_woodlands_medium [nzn_winding_woodlands_5x5_checkerboard,
          nzn_winding_woodlands_5x15_eye, nzn_winding_woodlands_5x5_cross,
          nzn_winding_woodlands_5x5_three, nzn_winding_woodlands_center_garden,
          nzn_winding_woodlands_hourglass,
          nzn_winding_woodlands_5x5_closed_star,
          nzn_winding_woodlands_5x15_sawtooth,
          nzn_winding_woodlands_5x5_open_star], layout_chaotic_city,
          elwin_shoals_entry_rocks, serial_bayou_shore_b, uniq_amaemon
Lair:3:   minmay_lair_venomous_thicket, layout_gridlike,
          spider_nest_entry_rubble, uniq_prince_ribbit2
Spider:1: layout_spider_delve, nicolae_spider_shape, uniq_roxanne
Spider:2: layout_spider_delve, uniq_louise
Spider:3: layout_spider_delve, nicolae_spider_webs_and_nodes
Spider:4: grunt_spider_rune_parallel

Skill      XL: |  1  2  3  4  5  6  7  8  9 10 11 12 13 14 15 |
---------------+----------------------------------------------+-----
Fighting       | 4 5 6 8 10 11 13 15 16 17 | 17.6
Axes           | 4 5 6 8 10 12 14 16 17 18 19 | 19.5
Armour         | 3 4 5 6 7 9 10 11 13 15 16 17 | 17.1
Dodging        | 3 4 5 7 9 |  9.2
Stealth        | 1 2 |  2.5
Unarmed Combat | 2 |  2.6
Shields        | 4 8 |  8.3
Evocations     | 3 5 |  5.6

Action                     |  1- 3 |  4- 6 |  7- 9 | 10-12 | 13-15 || total
---------------------------+-------+-------+-------+-------+-------++-------
  Melee: Hand axe          |    61 |   246 |    55 |       |       ||   362
         Headbutt          |     5 |    37 |    54 |    95 |   246 ||   437
         Punch             |       |     2 |       |     8 |     2 ||    12
         War axe           |       |       |   166 |   478 |   860 ||  1504
         Unarmed           |       |       |       |       |    22 ||    22
 Invoke: Trog's Hand       |       |     2 |     3 |     9 |    22 ||    36
         Berserk           |       |     2 |       |     2 |     6 ||    10
  Evoke: Wand              |       |       |       |     1 |       ||     1
         Condenser vane    |       |       |       |       |     1 ||     1
    Use: Scroll            |       |       |    12 |    10 |    12 ||    34
         Potion            |       |       |       |       |    13 ||    13
 Armour: Animal skin       |     6 |       |       |       |       ||     6
         Scale mail        |    28 |   107 |       |       |       ||   135
         Plate armour      |       |    28 |   204 |   384 |   824 ||  1440
  Dodge: Dodged            |    35 |   222 |   175 |   353 |   517 ||  1302
  Block: Kite shield       |       |       |       |       |   160 ||   160
         Tower shield      |       |       |       |       |   306 ||   306
